 Dungeon Crawl Stone Soup version 0.28.0 (webtiles) character file.

Game seed: 11496873203541179990

102 browni3141 the Skirmisher (level 4, -9/61 HPs)
             Began as a Minotaur Berserker on Feb 15, 2022.
             Was a Believer of Trog.
             Mangled by an orc warrior (12 damage)
             ... on level 3 of the Dungeon.
             The game lasted 00:01:17 (2107 turns).

browni3141 the Skirmisher (Minotaur Berserker)      Turns: 2107, Time: 00:01:17

Health: -9/61      AC:  9    Str: 21    XL:     4   Next: 50%
Magic:  3/3        EV:  8    Int:  4    God:    Trog [**....]
Gold:   66         SH:  0    Dex: 12    Spells: 3/3 levels left

rFire   . . .      SeeInvis .   a - +0 hand axe
rCold   . . .      Faith    .   (no shield)
rNeg    . . .      Spirit   .   e - +0 chain mail
rPois   .          Reflect  .   (helmet restricted)
rElec   .          Harm     .   (no cloak)
rCorr   .          Rampage  .   (no gloves)
Will    .....                   (no boots)
Stlth   ..........              c - amulet of the acrobat
HPRegen 0.20/turn               (no ring)
MPRegen 0.08/turn               (no ring)

@: berserking, very quick
A: horns 2, retaliatory headbutt
a: Renounce Religion, Berserk, Trog's Hand


You were on level 3 of the Dungeon.
You worshipped Trog.
Trog was pleased with you.
You visited 1 branch of the dungeon, and saw 3 of its levels.

You collected 66 gold pieces.

Inventory:

Hand Weapons
 a - a +0 hand axe (weapon)
Armour
 b - a +0 animal skin
 e - a +0 chain mail (worn)
Jewellery
 c - an amulet of the acrobat (around neck)
Scrolls
 d - a scroll of magic mapping {unknown}
 f - a scroll of amnesia {unknown}
 g - a scroll of identify {unknown}
 j - a scroll of silence {unknown}
 k - a scroll of teleportation {unknown}
Potions
 h - a potion of degeneration {unknown}
 i - a potion of berserk rage {unknown}
 l - a potion of flight {unknown}


   Skills:
 + Level 4.5 Fighting
 + Level 4.4 Axes
 + Level 3.5 Armour
 + Level 3.2 Dodging


You had 3 spell levels left.
You didn't know any spells.
Your spell library was empty.

Dungeon Overview and Level Annotations

Branches:
Dungeon (3/15)

Altars:

Shops:
D:2 *


Innate Abilities, Weirdness & Mutations

You have a pair of horns on your head.
You reflexively headbutt those who attack you in melee.


Message History

You slash the orc!
You kill the orc!
Trog accepts your kill. Something barely misses you.
The orc warrior closely misses you. The orc priest barely misses you.
Items here: ( ))) †.
You hit the orc warrior.
The orc warrior is lightly wounded.
You hit the orc priest. You miss something. Something hits you.
The orc warrior hits you with a +0 flail!
The orc priest barely misses you.
You hit the orc warrior. Your headbutt misses the orc warrior.
The orc warrior is moderately wounded.
You miss something. You barely miss the orc priest.
Something hits you but does no damage.
You slash the orc warrior!
The orc warrior is severely wounded.
You hit something.
You hit the orc priest but do no damage.
The orc warrior hits you with a +0 flail!
* * * LOW HITPOINT WARNING * * *
The orc priest hits you with a +1 vorpal hand axe.
* * * LOW HITPOINT WARNING * * *
x2 You completely miss the orc warrior.
You headbutt the orc warrior, but do no damage.
The orc warrior is severely wounded.
You hit the orc priest. You closely miss something.
Something hits you but does no damage.
The orc warrior hits you with a +0 flail.
* * * LOW HITPOINT WARNING * * *
The orc priest hits you with a +1 vorpal hand axe.
* * * LOW HITPOINT WARNING * * *
x2 You are too injured to fight recklessly!
You slash the orc warrior!
The orc warrior is almost dead.
You completely miss something. You barely miss the orc priest.
Something hits you but does no damage. The orc priest completely misses you.
You furiously retaliate!
You headbutt the orc priest!
The orc warrior hits you with a +0 flail!
You die...

#.# #.. #.#######
#........ #........ ##
#### ##..####.. #. ..#
#...>..#.. ######. #.#
##..##....
......o####.#####.####..
#...oo@..>...# #.......
...##.{####.#.# #......#
#.S####.#.# ########
#...)...#.####### ..#
##.........#
##########.#.#.###.# #
#.......##.#.#.### #
#.......##.......#.####
#................#.....


You could see an orc warrior, an orc priest, an adder and an orc.

Vanquished Creatures
  4 adders (D:3)
  A worm (D:3)
  A dart slug (D:2)
  An orc (D:3)
  4 ball pythons
  6 endoplasms
  2 giant cockroaches
  8 goblins
  3 hobgoblins
  3 jackals (D:1)
  2 quokkas
  5 bats
  2 frilled lizards (D:1)
  9 kobolds
  8 rats
59 creatures vanquished.

Notes
Turn   | Place    | Note
-------+----------+-------------------------------------------
     0 | D:1      | browni3141 the Minotaur Berserker began the quest for the
                  | Orb.
     0 | D:1      | Reached XP level 1. HP: 19/19 MP: 0/0
   109 | D:1      | Reached XP level 2. HP: 25/27 MP: 1/1
   495 | D:1      | Found a faded altar of an unknown god.
   696 | D:1      | Reached XP level 3. HP: 33/33 MP: 2/2
   750 | D:1      | Reached ** piety under Trog
  1055 | D:2      | Found Haghyera's General Store.
  1738 | D:3      | Reached XP level 4. HP: 41/41 MP: 3/3
  2094 | D:3      | Noticed an orc warrior
  2106 | D:3      | HP: 3/61 [orc priest (3)]
  2107 | D:3      | Mangled by an orc warrior

Illustrated notes

Levels and vault maps discovered:
D:1:      minmay_arrival_nine_rooms, layout_rooms,
          shapermc_ecumenical_altar_venn, minmay_heptomino_l4
D:2:      layout_basic, serial_shops, nicolae_lakefront_shop
D:3:      layout_loops_cross, minmay_distorted

Skill      XL: |  1  2  3 |
---------------+----------+-----
Fighting       | 4 |  4.5
Axes           | 4 |  4.4
Armour         | 3 |  3.5
Dodging        | 3 |  3.2

Action                   |  1- 3 |  4- 6 || total
-------------------------+-------+-------++-------
Melee: Hand axe          |    96 |    38 ||   134
       Headbutt          |    10 |     3 ||    13
       Punch             |     1 |     2 ||     3
Invok: Berserk           |     1 |     1 ||     2
Armor: Animal skin       |     4 |       ||     4
       Chain mail        |    50 |    13 ||    63
Dodge: Dodged            |    57 |    20 ||    77
